MWL (24 & UNDER)
MANHATTEN MEATHEADS @ CINCINNATI PRIDE
06/05/2028
 
TOP OF THE 1ST
Manhatten Meatheads batting - Pitching for Cincinnati Pride : LHP Vicente López
Pitching: LHP Vicente López
Batting: LHB Felipe Rivera 0-0: Swinging Strike
0-1: Foul Ball, location: 2F
0-2: Ball
1-2: Strikes out swinging
Batting: RHB George Green 0-0: Called Strike
0-1: Ball
1-1: Ball
2-1: Foul Ball, location: 2F
2-2: Fly out, F9 (Flyball, 9)
Batting: SHB José Sousa 0-0: Foul Ball, location: 2F
0-1: Called Strike
0-2: Strikes out looking
Top of the 1st over - 0 run(s), 0 hit(s), 0 error(s), 0 left on base; Manhatten 0 - Cincinnati 0
BOTTOM OF THE 1ST
Cincinnati Pride batting - Pitching for Manhatten Meatheads : RHP Daniel Carter
Pitching: RHP Daniel Carter
Batting: SHB Jaime Martínez 0-0: Ball
1-0: Ball
2-0: Ground out U3 (Groundball, 34S)
Batting: RHB Leslie Kennedy 0-0: Called Strike
0-1: Ball
1-1: Ball
2-1: Called Strike
2-2: Fly out, F2 (Popup, 23)
Batting: RHB Jorge Flores 0-0: Called Strike
0-1: Called Strike
0-2: Ball
1-2: Ground out 5-3 (Groundball, 56S)
Bottom of the 1st over - 0 run(s), 0 hit(s), 0 error(s), 0 left on base; Manhatten 0 - Cincinnati 0
TOP OF THE 2ND
Manhatten Meatheads batting - Pitching for Cincinnati Pride : LHP Vicente López
Batting: RHB Ismael Hidalgo 0-0: Called Strike
0-1: Swinging Strike
0-2: Ball
1-2: Foul Ball, location: 2F
1-2: Strikes out swinging
Batting: LHB Miguel Pérez 0-0: Called Strike
0-1: Ball
1-1: Ball
2-1: Ball
3-1: Called Strike
3-2: Strikes out swinging
Batting: SHB António Ramírez 0-0: Foul Ball, location: 2F
0-1: Ball
1-1: Foul Ball, location: 2F
1-2: Strikes out swinging
Top of the 2nd over - 0 run(s), 0 hit(s), 0 error(s), 0 left on base; Manhatten 0 - Cincinnati 0
BOTTOM OF THE 2ND
Cincinnati Pride batting - Pitching for Manhatten Meatheads : RHP Daniel Carter
Batting: LHB John Clark 0-0: Called Strike
0-1: Ball
1-1: Ball
2-1: Fly out, F6 (Popup, 56D)
Batting: RHB Roger Rush 0-0: Ball
1-0: Called Strike
1-1: Foul Ball, location: 2F
1-2: Fly out, F8 (Flyball, 78M)
Batting: RHB Bartolo Montero 0-0: Ball
1-0: Called Strike
1-1: Ball
2-1: Ball
3-1: Fly out, F9 (Line Drive, 9LM)
Bottom of the 2nd over - 0 run(s), 0 hit(s), 0 error(s), 0 left on base; Manhatten 0 - Cincinnati 0
TOP OF THE 3RD
Manhatten Meatheads batting - Pitching for Cincinnati Pride : LHP Vicente López
Batting: RHB Jeff Vickers 0-0: Ball
1-0: Ball
2-0: Called Strike
2-1: Ball
3-1: Base on Balls
Batting: LHB Brent Haynes 0-0: Ball
Jeff Vickers steals 2nd base
1-0: Foul Ball, location: 2F
1-1: Foul Ball, location: 2F
1-2: Ball
2-2: Foul Ball, location: 2F
2-2: Foul Ball, location: 2F
2-2: Ground out 4-3 (Groundball, 4M)
Jeff Vickers to third
Batting: RHB José Esparza 0-0: Ball
1-0: Ball
2-0: Called Strike
2-1: Ball
3-1: Base on Balls
Batting: LHB Felipe Rivera 0-0: Ball
1-0: Swinging Strike
1-1: Ball
2-1: Foul Ball, location: 2F
2-2: Strikes out swinging
Batting: RHB George Green 0-0: Ball
1-0: Fly out, F9 (Flyball, 89M)
Top of the 3rd over - 0 run(s), 0 hit(s), 0 error(s), 2 left on base; Manhatten 0 - Cincinnati 0
BOTTOM OF THE 3RD
Cincinnati Pride batting - Pitching for Manhatten Meatheads : RHP Daniel Carter
Batting: RHB Pete Woods 0-0: Ball
1-0: Ball
2-0: Called Strike
2-1: Swinging Strike
2-2: Ground out 5-3 (Groundball, 56S)
Batting: RHB Keith Sheehan 0-0: Ball
1-0: Foul Ball, location: 2F
1-1: SINGLE (Line Drive, 8RS)
Batting: RHB Gary Miller 0-0: Ball
1-0: 2-RUN HOME RUN (Flyball, 78XD), Distance : 429 ft
Batting: SHB Jaime Martínez 0-0: Foul Ball, location: 2F
0-1: Ball
1-1: Ball
2-1: Ball
3-1: Called Strike
3-2: Base on Balls
Batting: RHB Leslie Kennedy 0-0: Ball
Jaime Martínez steals 2nd base
1-0: Called Strike
1-1: Ground out 5-3 (Groundball, 56)
Batting: RHB Jorge Flores 0-0: Swinging Strike
0-1: Ball
1-1: SINGLE (Line Drive, 8LS)
Jaime Martínez to third
Runner from 3rd tries for Home, SAFE, no throw
Batting: LHB John Clark 0-0: Swinging Strike
0-1: Ball
1-1: Ball
2-1: Called Strike
2-2: Fly out, F8 (Flyball, 8LS)
Bottom of the 3rd over - 3 run(s), 3 hit(s), 0 error(s), 1 left on base; Manhatten 0 - Cincinnati 3
TOP OF THE 4TH
Manhatten Meatheads batting - Pitching for Cincinnati Pride : LHP Vicente López
Batting: SHB José Sousa 0-0: Ball
1-0: Foul Ball, location: 2F
1-1: Swinging Strike
1-2: Foul Ball, location: 2F
1-2: Foul Ball, location: 2F
1-2: Foul Ball, location: 2F
1-2: Foul Ball, location: 2F
1-2: Ball
2-2: Strikes out swinging
Batting: RHB Ismael Hidalgo 0-0: Called Strike
0-1: Ball
1-1: Foul Ball, location: 2F
1-2: Strikes out swinging
Batting: LHB Miguel Pérez 0-0: Ball
1-0: Called Strike
1-1: Foul Ball, location: 2F
1-2: Ball
2-2: Foul Ball, location: 2F
2-2: Ball
3-2: Strikes out swinging
Top of the 4th over - 0 run(s), 0 hit(s), 0 error(s), 0 left on base; Manhatten 0 - Cincinnati 3
BOTTOM OF THE 4TH
Cincinnati Pride batting - Pitching for Manhatten Meatheads : RHP Daniel Carter
Batting: RHB Roger Rush 0-0: Called Strike
0-1: Foul Ball, location: 2F
0-2: Ball
1-2: Fly out, F4 (Popup, 34)
Batting: RHB Bartolo Montero 0-0: Called Strike
0-1: Ball
1-1: Foul Ball, location: 2F
1-2: Ball
2-2: Strikes out looking
Batting: RHB Pete Woods 0-0: Called Strike
0-1: Called Strike
0-2: Fly out, F9 (Flyball, 9S)
Bottom of the 4th over - 0 run(s), 0 hit(s), 0 error(s), 0 left on base; Manhatten 0 - Cincinnati 3
TOP OF THE 5TH
Manhatten Meatheads batting - Pitching for Cincinnati Pride : LHP Vicente López
Batting: SHB António Ramírez 0-0: Called Strike
0-1: Ball
1-1: Foul Ball, location: 2F
1-2: Fly out, F3 (Popup, 3)
Batting: RHB Jeff Vickers 0-0: Ball
1-0: Ball
2-0: Ball
3-0: Base on Balls
Batting: LHB Brent Haynes 0-0: Ball
1-0: Ball
2-0: Foul Ball, location: 2F
2-1: Foul Ball, location: 2F
2-2: Fly out, F2 (Popup, 13S)
Batting: RHB José Esparza 0-0: Called Strike
0-1: Ball
1-1: Foul Ball, location: 2F
1-2: Ball
2-2: Strikes out swinging
Top of the 5th over - 0 run(s), 0 hit(s), 0 error(s), 1 left on base; Manhatten 0 - Cincinnati 3
BOTTOM OF THE 5TH
Cincinnati Pride batting - Pitching for Manhatten Meatheads : RHP Daniel Carter
Batting: RHB Keith Sheehan 0-0: Fly out, F6 (Popup, 4MD)
Batting: RHB Gary Miller 0-0: Fly out, F8 (Flyball, 8LD)
Batting: SHB Jaime Martínez 0-0: DOUBLE (Groundball, 3D)
Batting: RHB Leslie Kennedy 0-0: Foul Ball, location: 2F
0-1: Called Strike
0-2: Ground out 6-3 (Groundball, 6)
Bottom of the 5th over - 0 run(s), 1 hit(s), 0 error(s), 1 left on base; Manhatten 0 - Cincinnati 3
TOP OF THE 6TH
Manhatten Meatheads batting - Pitching for Cincinnati Pride : LHP Vicente López
Batting: LHB Felipe Rivera 0-0: Ball
1-0: Ball
2-0: Called Strike
2-1: Ball
3-1: Base on Balls
Batting: RHB George Green 0-0: Ball
1-0: Ball
2-0: Foul Ball, location: 2F
2-1: Foul Ball, location: 2F
2-2: Strikes out swinging
Batting: SHB José Sousa 0-0: Ball
1-0: Swinging Strike
1-1: Ball
2-1: Ball
3-1: Called Strike
3-2: Ground out 5-3 (Groundball, 56)
Felipe Rivera to second
Batting: RHB Ismael Hidalgo 0-0: Ball
1-0: Ball
2-0: Called Strike
2-1: Foul Ball, location: 2F
2-2: Foul Ball, location: 2F
2-2: Foul Ball, location: 2F
2-2: Strikes out looking
Top of the 6th over - 0 run(s), 0 hit(s), 0 error(s), 1 left on base; Manhatten 0 - Cincinnati 3
BOTTOM OF THE 6TH
Cincinnati Pride batting - Pitching for Manhatten Meatheads : RHP Daniel Carter
Batting: RHB Jorge Flores 0-0: Foul Ball, location: 2F
0-1: Called Strike
0-2: Foul Ball, location: 2F
0-2: Ball
1-2: Ball
2-2: Ground out 6-3 (Groundball, 6)
Batting: LHB John Clark 0-0: Fly out, F8 (Flyball, 8LXD)
Batting: RHB Roger Rush 0-0: Ball
1-0: Ball
2-0: Ball
3-0: Called Strike
3-1: Fly out, F8 (Flyball, 8RS)
Bottom of the 6th over - 0 run(s), 0 hit(s), 0 error(s), 0 left on base; Manhatten 0 - Cincinnati 3
TOP OF THE 7TH
Manhatten Meatheads batting - Pitching for Cincinnati Pride : LHP Vicente López
Batting: LHB Miguel Pérez 0-0: Ball
1-0: Ball
2-0: Called Strike
2-1: Ball
3-1: Ground out U3 (Groundball, 3L)
Batting: SHB António Ramírez 0-0: Called Strike
0-1: Ball
1-1: Ball
2-1: DOUBLE (Flyball, 78M)
Pitching: RHP José Bruschy
Batting: RHB Jeff Vickers 0-0: Called Strike
0-1: Ball
1-1: Ground out 4-3 (Groundball, 4M)
António Ramírez to third
Batting: LHB Brent Haynes 0-0: Called Strike
0-1: Called Strike
0-2: Ground out U3 (Groundball, 3)
Top of the 7th over - 0 run(s), 1 hit(s), 0 error(s), 1 left on base; Manhatten 0 - Cincinnati 3
BOTTOM OF THE 7TH
Cincinnati Pride batting - Pitching for Manhatten Meatheads : RHP Daniel Carter
Batting: RHB Bartolo Montero 0-0: Called Strike
0-1: Swinging Strike
0-2: Hit by Pitch
Pitching: LHP Pedro Cruz
Batting: RHB Pete Woods 0-0: Called Strike
0-1: Called Strike
0-2: SINGLE (Groundball, 6MD)
Bartolo Montero to second
Runner from 2nd tries for 3rd, SAFE, throw made to third
Batting: RHB Keith Sheehan 0-0: Foul Ball, location: 2F
0-1: Ball
1-1: Foul Ball, location: 2F
1-2: Strikes out looking
Batting: RHB Gary Miller 0-0: Called Strike
0-1: 3-RUN HOME RUN (Flyball, 7D), Distance : 398 ft
Batting: SHB Jaime Martínez 0-0: Hit by Pitch
Batting: RHB Leslie Kennedy 0-0: Ball
1-0: Swinging Strike
1-1: SINGLE (Groundball, 4MD)
Jaime Martínez to second
Batting: RHB Jorge Flores 0-0: Called Strike
0-1: Fly out, F9 (Flyball, 9LM)
Batting: LHB John Clark 0-0: Called Strike
0-1: Ball
1-1: Ball
Jaime Martínez steals 3rd base
Leslie Kennedy to second
2-1: Swinging Strike
2-2: 3-RUN HOME RUN (Flyball, 9D), Distance : 412 ft
Batting: RHB Roger Rush 0-0: Called Strike
0-1: Ball
1-1: Swinging Strike
1-2: Foul Ball, location: 2F
1-2: Foul Ball, location: 2F
1-2: Strikes out looking
Bottom of the 7th over - 6 run(s), 4 hit(s), 0 error(s), 0 left on base; Manhatten 0 - Cincinnati 9
TOP OF THE 8TH
Manhatten Meatheads batting - Pitching for Cincinnati Pride : RHP José Bruschy
Now at 1B: George Martin
Now in LF: José Antonio Delgado
Batting: RHB José Esparza 0-0: SINGLE (Groundball, 56D)
Batting: LHB Felipe Rivera 0-0: Called Strike
0-1: Ball
1-1: Ball
2-1: Called Strike
2-2: Ground out 3-1 (Groundball, 34S)
José Esparza to second
Batting: RHB George Green 0-0: Ball
1-0: Ball
2-0: Fly out, F6 (Popup, 6)
Batting: SHB José Sousa 0-0: Ball
1-0: Ball
2-0: Ball
3-0: Base on Balls
Batting: RHB Ismael Hidalgo 0-0: Called Strike
0-1: Foul Ball, location: 2F
0-2: Ball
1-2: Foul Ball, location: 2F
1-2: Ball
2-2: Foul Ball, location: 2F
2-2: Ball
3-2: Foul Ball, location: 2F
3-2: Strikes out looking
Top of the 8th over - 0 run(s), 1 hit(s), 0 error(s), 2 left on base; Manhatten 0 - Cincinnati 9
BOTTOM OF THE 8TH
Cincinnati Pride batting - Pitching for Manhatten Meatheads : LHP Pedro Cruz
Pitching: RHP Jesús Medina
Batting: RHB Bartolo Montero 0-0: Foul Ball, location: 2F
0-1: Swinging Strike
0-2: Foul Ball, location: 2F
0-2: Ball
1-2: Foul Ball, location: 2F
1-2: Foul Ball, location: 2F
1-2: Fly out, F8 (Flyball, 89M)
Batting: RHB Pete Woods 0-0: Foul Ball, location: 2F
0-1: Ball
1-1: Foul Ball, location: 2F
1-2: Ball
2-2: Foul Ball, location: 2F
2-2: Foul Ball, location: 2F
2-2: Strikes out swinging
Batting: RHB Keith Sheehan 0-0: SINGLE (Groundball, 34D)
Batting: RHB Gary Miller 0-0: Ball
1-0: Called Strike
1-1: Ball
2-1: Swinging Strike
2-2: Foul Ball, location: 2F
2-2: Ball
3-2: Strikes out swinging
Bottom of the 8th over - 0 run(s), 1 hit(s), 0 error(s), 1 left on base; Manhatten 0 - Cincinnati 9
TOP OF THE 9TH
Manhatten Meatheads batting - Pitching for Cincinnati Pride : RHP José Bruschy
Now at 2B: Matt Cole
Batting: LHB Miguel Pérez 0-0: Ball
1-0: Foul Ball, location: 2F
1-1: Ball
2-1: Foul Ball, location: 2F
2-2: Strikes out swinging
Batting: SHB António Ramírez 0-0: Ball
1-0: SINGLE (Line Drive, 7LS)
Pitching: RHP Carl Rojas
Batting: RHB Jeff Vickers 0-0: Ball
1-0: Swinging Strike
1-1: Ball
2-1: Foul Ball, location: 2F
2-2: SINGLE (Flyball, 78S)
António Ramírez to second
Batting: LHB Brent Haynes 0-0: Called Strike
0-1: Ball
1-1: Ball
2-1: Foul Ball, location: 2F
2-2: Fly out, F7 (Flyball, 7)
Batting: RHB José Esparza 0-0: Ball
1-0: Ball
2-0: Ball
3-0: Called Strike
3-1: Base on Balls
António Ramírez to third
Jeff Vickers to second
Batting: LHB Felipe Rivera 0-0: Called Strike
0-1: Ball
1-1: Swinging Strike
1-2: Ball
2-2: Strikes out swinging
Top of the 9th over - 0 run(s), 2 hit(s), 0 error(s), 3 left on base; Manhatten 0 - Cincinnati 9
Tuesday, August 8th, 2017 - OOTP Baseball 17.12 Build 75